 Dungeon Crawl Stone Soup version 0.28-a0-381-g937acc2988 (webtiles) character file.

Game seed: 6283960422462983820

23 hatdisgam the Chucker (level 3, 0/37 HPs)
             Began as an Ogre Hunter on Sept 1, 2021.
             Slain by a kobold (1 damage)
             ... on level 1 of the Dungeon.
             The game lasted 00:01:04 (819 turns).

hatdisgam the Chucker (Ogre Hunter)                  Turns: 819, Time: 00:01:06

Health: 0/37       AC:  3    Str: 17    XL:     3   Next: 0%
Magic:  3/3        EV:  9    Int: 12    God:
Gold:   32         SH:  0    Dex:  9    Spells: 2/2 levels left

rFire   . . .      SeeInvis .   e - +0 whip
rCold   . . .      Faith    .   (no shield)
rNeg    . . .      Spirit   .   b - +0 robe
rPois   .          Reflect  .   (helmet restricted)
rElec   .          Harm     .   (no cloak)
rCorr   .          Rampage  .   (gloves unavailable)
Will    .....                   (boots unavailable)
Stlth   +.........              (no amulet)
HPRegen 0.12/turn               (no ring)
MPRegen 0.08/turn               (no ring)

@: no status effects
A: large, unfitting armour, tough skin 1
a: no special abilities


You were on level 1 of the Dungeon.
You visited 1 branch of the dungeon, and saw 1 of its levels.

You collected 32 gold pieces.

Inventory:

Hand Weapons
 a - a +0 short sword
 e - a +0 whip (weapon)
Missiles
 c - 2 large rocks (quivered)
 d - 2 throwing nets
 g - 16 stones
Armour
 b - a +0 robe (worn)
Scrolls
 f - a scroll of fear {unknown}


   Skills:
 + Level 3.1 Fighting
 * Level 1.2 Maces & Flails
 * Level 4.3 Throwing
 - Level 1.7 Dodging
 - Level 0.6 Stealth


You had 2 spell levels left.
You didn't know any spells.
Your spell library was empty.

Dungeon Overview and Level Annotations

Branches:
Dungeon (1/15)

Altars:

Shops:
D:1 :

Annotations:
D:1 1 runed translucent door


Innate Abilities, Weirdness & Mutations

You are too large for most types of armour.
You have tough skin. (AC +1)


Message History

You hit the kobold but do no damage.
The kobold is severely wounded.
The kobold hits you with a +0 short sword.
You barely miss the kobold.
The kobold is severely wounded.
The kobold hits you with a +0 short sword.
* * * LOW HITPOINT WARNING * * *
You barely miss the kobold.
The kobold is severely wounded.
The kobold barely misses you.
You hit the kobold.
You kill the kobold!
You have reached level 3!
Your experience leads to an increase in your attributes!
Increase (S)trength, (I)ntelligence, or (D)exterity?
You feel stronger. x2
You hit the hobgoblin but do no damage. The hobgoblin barely misses you.
You hit the hobgoblin.
The hobgoblin is lightly wounded.
The hobgoblin hits you.
* * * LOW HITPOINT WARNING * * *
You hit the hobgoblin but do no damage.
The hobgoblin is lightly wounded.
The hobgoblin hits you.
* * * LOW HITPOINT WARNING * * *
The hobgoblin hits you.
* * * LOW HITPOINT WARNING * * *
Throw: 3 large rocks
Press: ? - help, Q - select action, (/) - cycle Shift-Dir - straight line, f - kobold
Aim: a kobold, wielding a +2 dagger of freezing (50% to hit)
You throw a large rock.
The large rock hits the kobold but does no damage.
The kobold hits you with a +2 dagger of freezing.
* * * LOW HITPOINT WARNING * * *
The kobold freezes you.
* * * LOW HITPOINT WARNING * * *
The kobold hits you with a +2 dagger of freezing.
* * * LOW HITPOINT WARNING * * *
The kobold freezes you.
You die...

#.....#
#.#.#.#
#.....#
#.....#
#.#.#.#
#.....#
#.....#
#.#.#.#
#....@#
#...gK#
#.#.#.#
#.....#
#.....#
#.#.#.#
#.....#
#.....#
#.#.#.#


You could see a hobgoblin and a kobold.

Vanquished Creatures
  A gnoll (D:1)
  A dart slug (D:1)
  An endoplasm (D:1)
  A goblin (D:1)
  2 hobgoblins (D:1)
  A kobold (D:1)
  A bat (D:1)
  A frilled lizard (D:1)
  3 rats (D:1)
12 creatures vanquished.

Notes
Turn   | Place    | Note
-------+----------+-------------------------------------------
     0 | D:1      | hatdisgam the Ogre Hunter began the quest for the Orb.
     0 | D:1      | Reached XP level 1. HP: 22/22 MP: 1/1
     1 | D:1      | Found a runed translucent door.
   394 | D:1      | Reached XP level 2. HP: 22/29 MP: 2/2
   741 | D:1      | Found Rosch's Book Boutique.
   746 | D:1      | Reached skill level 1 in Maces & Flails
   772 | D:1      | Reached XP level 3. HP: 10/37 MP: 3/3
   819 | D:1      | HP: 1/37 [kobold (4)]
   819 | D:1      | Slain by a kobold

Illustrated notes

Levels and vault maps discovered:
D:1:      dpeg_arrival_caged_fury, layout_basic, serial_bayou,
          serial_bayou_shore_b, serial_bayou_lagoon_b, serial_bayou_pond_e,
          serial_bayou_pond_e, serial_bayou_pond_c,
          ebering_ecumenical_altar_abandoned, serial_shops, shop,
          columned_hall_lemuel, chequers_jeans,
          hangedman_abyss_or_decor_lesser_grid, nrook_loot_triangle,
          minmay_indecisive_spiral

Skill      XL: |  1  2 |
---------------+-------+-----
Fighting       | 3 |  3.1
Maces & Flails | 1 |  1.2
Throwing       | |  4.3
Dodging        | |  1.7
Stealth        | |  0.6

Action                   || total
-------------------------++-------
Melee: Whip              ||    59
Throw: Large rock        ||     3
Armor: Robe              ||    10
Dodge: Dodged            ||    27

Table legend: (Time is in decaauts)
 A = Elapsed time spent in this place.
 B = Non-inter-level travel time spent in this place.
 C = Inter-level travel time spent in this place.
 D = Time resting spent in this place.
 E = Time spent auto-exploring this place.
 F = Levels seen in this place.
 G = Mean time per level.
                   A        B        C        D        E       F      G
               +--------+--------+--------+--------+--------+-----+--------+
         Total |    827 |    827 |      0 |      0 |    674 |   1 |  827.0 |
       Dungeon |    827 |    827 |      0 |      0 |    674 |   1 |  827.0 |
               +--------+--------+--------+--------+--------+-----+--------+

Top non-repeatable levels by time:
     D:1: 827 daAuts
